 Dungeon Crawl Stone Soup version 0.26.1-10-gdfb7c7de75 (webtiles) character file.

Game seed: 10453817809175881824

127 Almogavar the Skirmisher (level 4, 0/40 HPs)
             Began as a Draconian Fighter on Apr 9, 2021.
             Slain by an orc priest
             ... wielding a +0 mace
              (6 damage)
             ... on level 2 of the Dungeon.
             The game lasted 00:03:42 (1965 turns).

Almogavar the Skirmisher (Draconian Fighter)        Turns: 1965, Time: 00:03:43

Health: 0/40       AC:  5    Str: 19    XL:     4   Next: 85%
Magic:  4/4        EV: 10    Int:  8    God:
Gold:   108        SH:  9    Dex: 11    Spells: 3/3 levels left

rFire    . . .     SeeInvis .   a - +0 long sword
rCold    . . .     Faith    .   b - +0 kite shield
rNeg     . . .     Spirit   .   (armour unavailable)
rPois    .         Reflect  .   (helmet restricted)
rElec    .         Harm     .   (no cloak)
rCorr    .         Rampage  .   (no gloves)
Will     .....                  (no boots)
Stlth    +.........             (no amulet)
HPRegen  0.13/turn              (no ring)
MPRegen  0.09/turn              (no ring)

@: no status effects
A: unfitting armour, cold-blooded, AC +5
a: no special abilities


You were on level 2 of the Dungeon.
You visited 1 branch of the dungeon, and saw 3 of its levels.

You collected 108 gold pieces.

Inventory:

Hand Weapons
 a - a +0 long sword (weapon)
Armour
 b - a +0 kite shield (worn)
Scrolls
 f - a scroll of fog
Potions
 c - 2 potions of might
 d - a potion of invisibility {unknown}
 e - a potion of curing


   Skills:
 + Level 4.0 Fighting
 + Level 3.5 Long Blades
 + Level 3.1 Dodging
 + Level 0.6 Stealth
 + Level 3.7 Shields


You had 3 spell levels left.
You didn't know any spells.
Your spell library contained the following spells:

 Spells                   Type           Power        Failure   Level
 Beastly Appendage        Tmut           0%           88%         1
 Wereblood                Tmut           0%           95%         2
 Spider Form              Tmut/Pois      0%           99%         3
 Ice Form                 Ice/Tmut       0%           100%        4
 Blade Hands              Tmut           0%           100%        5


Dungeon Overview and Level Annotations

Branches:
Dungeon (3/15)

Altars:
Xom

Annotations:
D:3 Jessica


Innate Abilities, Weirdness & Mutations

Your plain brown scales are hard. (AC +5)
You cannot fit into any form of body armour.
You are cold-blooded and may be slowed by cold attacks.


Message History

The orc priest closely misses you.
You barely miss the orc priest.
The orc priest is moderately wounded.
You block the orc priest's attack.
You hit the orc priest but do no damage.
The orc priest is moderately wounded.
You block the orc priest's attack.
You barely miss the orc priest.
The orc priest is moderately wounded.
The orc priest hits you with a +0 mace.
* * * LOW HITPOINT WARNING * * *
You hit the orc priest. You tail-slap the orc priest.
The orc priest is almost dead.
The orc priest looks satisfied for a moment.
The orc priest hits you with a +0 mace.
* * * LOW HITPOINT WARNING * * *
You hit the orc priest but do no damage.
The orc priest is almost dead.
The orc priest hits you with a +0 mace.
You die...

#############.##.#...............
.# #......#............### .#
#...............#.#..## .#
#.............#......## .#
#.............#......## .#
####.#........#......# .#
#####..........#.#.##### .#
#...(..........#.#.##... .#
#......@.......#.#.##.## .#
#.....o.)......#.#.##.## .#
#..............#.#.##... ##
#.......####.#.#.#.#####
#.......# #.#.......... #.......#
#.########### #.......#
#............ #.......#
############# #.......# #


You could see an orc priest.

Vanquished Creatures
  A hound (D:2)
  An orc priest (D:2)
  An adder (D:2)
  An ooze (D:3)
  3 dart slugs
  A leopard gecko (D:1)
  2 orcs (D:3)
  3 giant cockroaches
  7 goblins
  2 hobgoblins
  5 jackals (D:1)
  4 bats
  3 frilled lizards
  5 kobolds (D:1)
  5 rats
44 creatures vanquished.

Notes
Turn   | Place    | Note
-------+----------+-------------------------------------------
     0 | D:1      | Almogavar the Draconian Fighter began the quest for the
                  | Orb.
     0 | D:1      | Reached XP level 1. HP: 19/19 MP: 1/1
    84 | D:1      | You fall into a shaft and drop 1 floor!
   171 | D:1      | Reached XP level 2. HP: 13/26 MP: 2/2
   718 | D:1      | Reached XP level 3. HP: 33/33 MP: 3/3
   993 | D:2      | Found a faded altar of an unknown god.
  1128 | D:2      | Found a shimmering altar of Xom.
  1327 | D:2      | Reached XP level 4. HP: 28/40 MP: 4/4
  1779 | D:3      | Noticed Jessica
  1788 | D:2      | Reached skill level 4 in Fighting
  1965 | D:2      | Slain by an orc priest

Illustrated notes

Levels and vault maps discovered:
D:1:      dpeg_arrival_stonehenge_8_columns, layout_loops_ring, st_stairs_2
D:2:      layout_basic, nicolae_overflow_crystal_walls,
          chequers_ecumenical_altar_simple
D:3:      layout_basic, kennysheep_generic_room_14, uniq_terence, uniq_grinder,
          uniq_natasha, uniq_jessica

Skill      XL: |  1  2  3  4 |
---------------+-------------+-----
Dodging        | 3 |  3.1
Long Blades    | 3 |  3.5
Fighting       | 4 |  4.0
Stealth        | |  0.6
Shields        | |  3.7

Action                   |  1- 3 |  4- 6 || total
-------------------------+-------+-------++-------
Melee: Long sword        |   110 |    32 ||   142
       Tailslap          |    16 |     4 ||    20
  Use: Scroll            |       |     2 ||     2
 Stab: Sleeping          |     2 |       ||     2
Armor: Skin              |    39 |     3 ||    42
Dodge: Dodged            |    44 |    12 ||    56
Block: Kite shield       |    49 |     8 ||    57
       Rpst.: Long sword |     9 |     1 ||    10
